 Dungeon Crawl Stone Soup version 0.31-a0-1376-g36f0627844 (webtiles) character file.

Game seed: 7502435861158117819

1560686 Ge0ff the Placeless Vampire (level 27, 206/206 HPs)
             Began as a Vampire Cinder Acolyte on Dec 24, 2023.
             Was the Champion of Vehumet.
             Escaped with the Orb
             ... and 3 runes
             ... and 1 gem on Dec 25, 2023!
             The game lasted 03:41:07 (101649 turns).

Ge0ff the Placeless Vampire (VpCA)                Turns: 101649, Time: 03:41:08

Health: 206/206    AC: 22    Str: 13    XL:     27
Magic:  41/41      EV: 15    Int: 46    God:    Vehumet [******]
Gold:   1029       SH: 15    Dex: 15    Spells: 4/55 levels left

rFire   + + +        a - +3 Elemental Staff {ele, rElec rF+ rC+ AC+3}
rCold   + + +        Q - +2 shield of Resistance {rF++ rC++ Will++}
rNeg    + + .        x - +2 robe of Classification {Rampage Int+4 Stlth- Archmagi}
rPois   +            t - +2 helmet of Zin's Esteem {Regen+ Int+3}
rElec   +            h - +2 cloak
rCorr   .            e - +2 pair of gloves {Dex+3}
SInv    +            A - +2 pair of boots {rampage}
Will    +++++        Y - macabre finger necklace {Finger+ rN+}
Stlth   ++           w - +6 ring of intelligence {=R}
HPRegen 1.54/turn    m - ring "Gadaloigh" {rF+ rN+ Int+3}
MPRegen 0.27/turn    r - ring of Uskayaw's Grace {Wiz *Slow rPois Int+2 Slay+2}

%: random rage (3%), slow self (1%), rampage, wizardry (x1), archmagi
@: healing quickly, studying Shields
A: alive, fangs 3, see invisible, vampiric 2, berserk 1, strong-willed 2
0: Orb of Zot
}: 3/15 runes: decaying, serpentine, silver
a: Exsanguinate, Renounce Religion


You escaped.
You worshipped Vehumet.
Vehumet was exalted by your worship.
You visited 11 branches of the dungeon, and saw 51 of its levels.
You also visited: Trove, Ossuary, Gauntlet, Ice Cave and Wizlab.

You collected 10052 gold pieces.
You spent 9023 gold pieces at shops.

Inventory:

Hand Weapons
 a - the +3 Elemental Staff (weapon) {ele, rElec rF+ rC+ AC+3}
   (You found it on level 3 of the Elven Halls)

   AC+3:      It affects your AC (+3).
   rF+:       It protects you from fire.
   rC+:       It protects you from cold.
   rElec:     It insulates you from electricity.
 b - the +6 eveningstar of Hubris {heavy, +Blink rPois Int+5}
   (You took it off a minotaur in a Gauntlet)

   Int+5:     It affects your intelligence (+5).
   rPois:     It protects you from poison +Blink: It lets you blink.
Missiles
 g - 4 throwing nets {=F}
 v - 24 curare-tipped darts {=F}
 G - 10 javelins
 M - 6 darts of dispersal
 Z - 10 silver javelins
Armour
 e - a +2 pair of gloves of dexterity (worn)
 h - a +2 cloak (worn)
 o - a +0 cloak of willpower
 t - the +2 helmet of Zin's Esteem (worn) {Regen+ Int+3}
   (You found it on level 5 of the Vaults)

   Int+3:     It affects your intelligence (+3).
   Regen+:    It increases your rate of health regeneration.
 x - the +2 robe of Classification (worn) {Rampage Int+4 Stlth- Archmagi}
   (You found it on level 3 of the Vaults)

   Int+4:     It affects your intelligence (+4).
   Rampage:   It bestows one free step when moving towards enemies.
   Stlth-:    It makes you less stealthy.
   Archmagi:  It increases the power of your magical spells.
 A - a +2 pair of boots of rampaging (worn)
 D - a +3 troll leather armour
 Q - the +2 shield of Resistance (worn) {rF++ rC++ Will++}
   (You bought it in a shop on level 10 of the Dungeon)

   rF++:      It greatly protects you from fire.
   rC++:      It greatly protects you from cold.
   Will++:    It greatly increases your willpower.
Jewellery
 i - a ring of fire
 m - the ring "Gadaloigh" (right hand) {rF+ rN+ Int+3}
   (You found it on level 3 of the Crypt)

   [ring of positive energy]

   Int+3:     It affects your intelligence (+3).
   rF+:       It protects you from fire.
   rN+:       It protects you from negative energy.
 r - the ring of Uskayaw's Grace (on amulet) {Wiz *Slow rPois Int+2 Slay+2}
   (You bought it in a shop on level 2 of the Orcish Mines)

   [ring of wizardry]

   Wiz:       It improves your spell success rate.
   Int+2:     It affects your intelligence (+2).
   Slay+2:    It affects your accuracy & damage with ranged weapons and melee
   (+2).
   rPois:     It protects you from poison *Slow: It may slow you when you take
   damage.
 w - a +6 ring of intelligence (left hand) {=R}
 L - the ring of Zantupt {Fly Str+2 Int+4}
   (You took it off a yaktaur captain on level 5 of the Vaults)

   [ring of flight]

   Str+2:     It affects your strength (+2).
   Int+4:     It affects your intelligence (+4).
   Fly:       It grants you flight.
 Y - the macabre finger necklace (around neck) {Finger+ rN+}
   (You bought it in a shop on level 4 of the Snake Pit)

   [amulet of nothing]

   Finger+:   It enables you to equip an extra ring.
   rN+:       It protects you from negative energy.
Wands
 d - a wand of digging (4)
 f - a wand of flame (74)
 j - a wand of quicksilver (50)
 k - a wand of iceblast (81)
 p - a wand of paralysis (76)
 s - a wand of mindburst (34)
 P - a wand of polymorph (28)
Scrolls
 y - 6 scrolls of immolation
 B - 8 scrolls of blinking
 C - 6 scrolls of poison
 E - 7 scrolls of fear
 F - 13 scrolls of fog
 J - 3 scrolls of silence {!r}
 S - 5 scrolls of butterflies
 T - 10 scrolls of teleportation
 V - 7 scrolls of vulnerability
Potions
 q - 29 potions of curing
 u - 19 potions of mutation {!q}
 z - 9 potions of brilliance
 H - 9 potions of haste {!q}
 I - 9 potions of invisibility
 K - 7 potions of magic {!q}
 N - 7 potions of cancellation {!q}
 R - 10 potions of resistance
 W - 11 potions of heal wounds {!q}
 X - 10 potions of enlightenment
Miscellaneous
 c - a condenser vane
 l - a lightning rod (4/4)
 n - a phial of floods
 O - a sack of spiders
 U - a phantom mirror


   Skills:
 - Level 14.9 Fighting
 - Level 4.0 Short Blades
 + Level 5.9 Throwing
 * Level 11.2 Armour
 + Level 9.2 Dodging
 + Level 11.5 Stealth
 * Level 14.8 Shields
 - Level 14.9 Spellcasting
 - Level 14.9 Conjurations
 - Level 14.9 Necromancy
 - Level 14.9 Translocations
 - Level 14.9 Fire Magic
 - Level 14.9 Ice Magic
 - Level 14.9 Air Magic
 + Level 13.7 Earth Magic
 - Level 14.9 Alchemy
 + Level 7.1 Evocations


You had 4 spell levels left.
You knew the following spells:

 Your Spells              Type           Power      Damage    Failure   Level
a - Sublimation of Blood  Necr           100%       N/A       0%          2
d - Iskenderun's Mystic   Conj/Tloc      100%       2d19      0%          4
e - Irradiate             Conj/Alch      65%        3d33      1%          5
g - Apportation           Tloc           100%       N/A       0%          1
h - Lee's Rapid Deconstr  Erth           75%        3d34*     1%          5
m - Bombard               Conj/Erth      77%        9d12      1%          6
n - Plasma Beam           Fire/Air       91%        2x1d110   1%          6
w - Passwall              Alch/Erth      100%       N/A       0%          2
x - Maxwell's Capacitive  Air            78%        ∞         2%          8
C - Fireball              Conj/Fire      78%        3d29      1%          5
E - Ozocubu's Refrigerat  Ice            78%        4d24      1%          7

Your spell library contained the following spells:

 Spells                   Type           Power      Damage    Failure   Level
 Polar Vortex             Ice            78%        12d10*    28%         9
 Foxfire                  Conj/Fire      100%       2x1d9     0%          1
 Freeze                   Ice            100%       1d10      0%          1
 Kiss of Death            Conj/Necr      100%       2d13      0%          1
 Necrotise                Necr           100%       1d9       0%          1
 Sandblast                Erth           100%       2d20      0%          1
 Sting                    Conj/Alch      100%       1d9       0%          1
 Cigotuvi's Dreadful Rot  Necr/Alch/Air  100%       N/A       0%          2
 Lesser Beckoning         Tloc           100%       N/A       0%          2
 Mercury Vapours          Alch/Air       100%       N/A       0%          2
 Scorch                   Fire           100%       2d9       0%          2
 Static Discharge         Conj/Air       100%       3-8/arc   0%          2
 Frozen Ramparts          Ice            100%       1d16      0%          3
 Fugue of the Fallen      Necr           100%       N/A       0%          3
 Gell's Gravitas          Tloc           100%       N/A       0%          3
 Hailstorm                Conj/Ice       100%       3d16      0%          3
 Mephitic Cloud           Conj/Alch/Air  100%       N/A       0%          3
 Ozocubu's Armour         Ice            100%       N/A       0%          3
 Stone Arrow              Conj/Erth      100%       3d13      0%          3
 Swiftness                Air            100%       N/A       0%          3
 Teleport Other           Tloc           100%       N/A       0%          3
 Vampiric Draining        Necr           100%       2d13      0%          3
 Volatile Blastmotes      Fire/Tloc      100%       2d18      0%          3
 Airstrike                Air            78%        2d(12-28) 0%          4
 Flame Wave               Conj/Fire      100%       2d21      0%          4
 Fulminant Prism          Conj/Alch      65%        3d28      0%          4
 Ignite Poison            Fire/Alch      100%       N/A       0%          4
 Olgreb's Toxic Radiance  Alch           100%       N/A       0%          4
 Slow                     Hex            100%       N/A       1%          1
 Summon Small Mammal      Summ           100%       N/A       1%          1
 Call Imp                 Summ           100%       N/A       1%          2
 Ensorcelled Hibernation  Hex/Ice        100%       N/A       1%          2
 Jinxbite                 Hex            100%       N/A       1%          2
 Call Canine Familiar     Summ           51%        N/A       1%          3
 Confusing Touch          Hex            51%        N/A       1%          3
 Sigil of Binding         Hex            51%        N/A       1%          3
 Summon Guardian Golem    Hex/Summ       51%        N/A       1%          3
 Anguish                  Hex/Necr       50%        N/A       1%          4
 Animate Armour           Summ/Erth      100%       N/A       1%          4
 Brom's Barrelling Bould  Conj/Erth      100%       2d11      1%          4
 Dispel Undead            Necr           100%       3d31      1%          4
 Leda's Liquefaction      Alch/Erth      77%        N/A       1%          4
 Summon Ice Beast         Ice/Summ       100%       N/A       1%          4
 Summon Lightning Spire   Summ/Air       100%       N/A       1%          4
 Cause Fear               Hex            25%        N/A       6%          4
 Alistair's Intoxication  Alch           86%        N/A       1%          5
 Borgnjor's Vile Clutch   Necr/Erth      77%        N/A       1%          5
 Freezing Cloud           Conj/Ice/Air   91%        6-21      1%          5
 Metabolic Englaciation   Hex/Ice        62%        N/A       1%          5
 Yara's Violent Unravell  Hex/Alch       50%        3d19      1%          5
 Conjure Ball Lightning   Conj/Air       78%        3x3d30    1%          6
 Death Channel            Necr           65%        N/A       1%          6
 Dispersal                Tloc           65%        N/A       1%          6
 Eringya's Noxious Bog    Alch           65%        4d6       1%          6
 Simulacrum               Ice/Necr       78%        N/A       1%          6
 Orb of Destruction       Conj           65%        9d15      1%          7
 Lehudib's Crystal Spear  Conj/Erth      77%        10d17     3%          8
 Spellforged Servitor     Conj/Summ      50%        N/A       6%          7
 Summon Mana Viper        Hex/Summ       51%        N/A       16%         5
 Haunt                    Necr/Summ      50%        N/A       21%         7
 Chain Lightning          Conj/Air       78%        3d104     28%         9
 Fire Storm               Conj/Fire      78%        8d20      28%         9
 Shatter                  Erth           75%        3d55*     38%         9
 Summon Cactus Giant      Summ           25%        N/A       61%         6
 Enfeeble                 Hex            25%        N/A       98%         7
 Monstrous Menagerie      Summ           25%        N/A       98%         7
 Summon Hydra             Summ           25%        N/A       98%         7
 Discord                  Hex            25%        N/A       100%        8
 Borgnjor's Revivificati  Necr           Unusable   N/A       N/A         8
 Death's Door             Necr           Unusable   N/A       N/A         9

Dungeon Overview and Level Annotations

Branches:
Dungeon (15/15)            Temple (1/1) D:7            Lair (5/5) D:8
  Swamp (4/4) Lair:3        Snake (4/4) Lair:2        Slime (0/5) Lair:5
    Orc (2/2) D:11            Elf (3/3) Orc:2        Vaults (5/5) D:14
  Crypt (3/3) Vaults:2       Tomb (0/3) Crypt:3      Depths (4/4) D:15
    Zot (5/5) Depths:4    Ossuary (visited)           IceCv (visited)
 WizLab (visited)         Gauntlet (visited)

Altars:
Ashenzari
Cheibriados
Dithmenos
Fedhas
Gozag
Hepliaklqana
Kikubaaqudgha
Makhleb
Nemelex Xobeh
Okawaru
Qazlal
Ru
Sif Muna
Trog
Uskayaw
Vehumet
Wu Jian
Xom
Yredelemnul

Shops:
D:2 (   D:4 *   D:10 [   D:15 [((!   Orc:2 :?*:   Elf:1 [   Elf:3 [
Snake:2 *[(   Snake:4 *:==   Vaults:1 =[   Zot:2 *   Depths:1 *   Depths:2 [

Portals:
Hell: Depths:1 Depths:2 Depths:3 Depths:4
Abyss: Swamp:2 Depths:1 Depths:3
Pandemonium: Depths:2 Depths:3
Ziggurat: Depths:4

Annotations:
Zot:2 2 transporters, 3 runed translucent doors, exclusion: obsidian statue, Kapop's ghost, legendary GrMo


Innate Abilities, Weirdness & Mutations

Your natural rate of healing is accelerated.
You have razor-sharp teeth.
You have supernaturally acute eyesight. (SInv)
You are afflicted with vampirism and can become a bat while bloodless.
You sometimes lose your temper in combat.
You are highly strong-willed. (Will++)


Message History

You see here a +0 robe.
There is a stone staircase leading up here.
You climb upwards.
There is a stone staircase leading down here.
There is a stone staircase leading up here.
You climb upwards.
There is a stone staircase leading down here.
Things that are here:
a +0 robe; a +0 mace
There is a stone staircase leading up, spattered with blood here.
You climb upwards.
Magic restored.
There is a stone staircase leading down here.
There is an open door here.
An Executioner comes into view.
You feel a huge surge of power!
The bolt of lightning hits the Executioner!!
The Executioner resists.
The Executioner is moderately wounded.
The fiery plasma hits the Executioner!!
The Executioner resists.
The Executioner is heavily wounded.
You feel a huge surge of power!
The bolt of lightning misses the Executioner.
The fiery plasma hits the Executioner!
The Executioner resists.
The Executioner is severely wounded.
You feel a huge surge of power!
The bolt of lightning hits the Executioner!!
The Executioner resists.
You kill the Executioner!
Vehumet accepts your kill.
You feel your power returning.
There is an open door here.
There is a stone staircase leading up here.
You climb upwards.
There is a stone staircase leading down here.
There is a stone staircase leading up here.
You climb upwards.
There is a stone staircase leading down here.
Magic restored.
There is a stone staircase leading up here.
You climb upwards.
There is a stone staircase leading down here.
There is a stone staircase leading up here.
You climb upwards.
There is a stone staircase leading down here.
There is an escape hatch in the ceiling here.
A mysterious force pulls you upwards. The hatch slams shut behind you.
You open the door.
There is an open door here.
There is a staircase leading out of the dungeon here.
You have escaped!

##....)..#..##.#.##..#..####.###
#.......###.#8.#.8#.###.#.......
#.......###.##.#.##.###.#.......
#........#..#8.#.8#..#..#.......
#..)........##.#.##.....#.......
#......######8...8#######.......
#......#8#8#8#...#8#8#8#........
##.....#...............#.####.##
##....'.###...@...###.'....).#
######...............#...####
#8#8#8#...#8#8#8###...#
########8...8##########.#
#......##.#.##.....# #.##
#...#..#8.#.8#..#..# #..##
#..###.##.#.##.###.# ##..#
#..###.#8.#.8#.###.# ##..
#...#..##.#.##).#..# ##.


There were no monsters in sight!

Vanquished Creatures
  3 dread liches
  3 orbs of fire
  2 juggernauts
  Sojobo (Vaults:5)
  Bai Suzhen (Vaults:5)
  A curse toe (Zot:2)
  Vashnia (Snake:4)
  7 Killer Klowns
  14 golden dragons
  5 caustic shrikes
  2 bone dragons
  A pandemonium lord (Zot:3)
  A Cloud Mage (WizLab)
  The ghost of Amplified the Warrior, an adept MiAl of the Shining One (Vaults:3)
  18 tentacled monstrosities
  A hellephant (Swamp:2)
  A Tzitzimitl (Zot:5)
  5 electric golems
  2 walking crystal tomes
  Jorgrun (D:14)
  6 liches
  26 Orb Guardians
  2 titans
  2 walking divine tomes (Depths:2)
  4 deep elf master archers (Elf:3)
  A walking earthen tome (Depths:2)
  10 acid blobs (Zot:4)
  11 quicksilver dragons
  4 deep elf blademasters
  2 tentacled starspawn (Swamp:2)
  4 sphinxes
  6 death cobs
  Gastronok (Lair:2)
  4 ancient champions
  2 Executioners
  Kirke (Snake:3)
  16 shadow dragons
  21 storm dragons
  11 tengu reavers
  5 nagarajas (Snake:4)
  3 thorn hunters (Swamp:4)
  4 protean progenitors (Zot:2)
  2 revenants (Crypt:3)
  Roxanne (Snake:3)
  7 draconian monks
  19 fire giants
  9 draconian knights
  8 deep elf sorcerers
  2 iron dragons (Vaults:5)
  3 draconian scorchers
  6 draconian shifters
  A balrug (Depths:1)
  The ghost of leebro123 the Unseen, an adept VSBr of Uskayaw (Swamp:3)
  4 curse skulls
  17 frost giants
  3 ghost moths
  2 deep elf elementalists
  4 orc warlords
  10 draconian annihilators
  9 vault wardens
  7 draconian stormcallers
  13 ghouls
  16 ironbound preservers
  3 war gargoyles
  The ghost of leebro123 the Unseen, an adept VSEn of Uskayaw (Swamp:2)
  An angel (Zot:2)
  A cacodemon (Vaults:3)
  Louise (Swamp:3)
  A reaper (Depths:1)
  4 formless jellyfish
  16 stone giants
  11 deep elf demonologists
  32 very ugly things
  4 eleionomae
  12 black draconians
  21 deep elf annihilators
  9 vampire knights
  8 ironbound thunderhulks
  11 green draconians
  3 bunyips
  21 dire elephants
  5 spark wasps
  A deep elf death mage (Vaults:5)
  A minotaur (Gauntlet)
  12 red draconians
  10 purple draconians
  12 white draconians
  27 yellow draconians
  16 ettins
  Snorg (D:14)
  A green death (Zot:3)
  4 blizzard demons (WizLab)
  4 eidola
  13 fire dragons
  3 shambling mangroves (Swamp:4)
  2 entropy weavers
  5 jiangshi
  12 yaktaur captains
  Harold (D:9)
  6 great orbs of eyes
  A rakshasa (Depths:1)
  11 ice dragons
  13 deep elf high priests
  A peacekeeper (Vaults:1)
  27 vault guards
  20 hydras
  2 spriggan skeletons (Depths:2)
  11 ghost crabs
  3 salamander tyrants
  6 anacondas
  12 centaur warriors
  4 death knights
  8 spriggan air magi
  11 alligators
  2 ogre magi
  2 bennu zombies (Crypt:1)
  6 boulder beetles
  A hell beast (Depths:3)
  A fenstrider witch skeleton (Crypt:1)
  10 two-headed ogres
  Erica (Lair:1)
  12 ironbound frosthearts
  31 dancing weapons
  3 sphinx skeletons
  5 deep troll earth magi
  13 naga warriors
  6 tengu warriors
  6 deep troll shamans
  5 orc high priests
  A hell hog (Swamp:2)
  6 vampire magi
  An occultist (Depths:2)
  9 shock serpents
  4 spriggan berserkers
  12 naga sharpshooters
  12 hell knights
  A soul eater (Crypt:3)
  A titan skeleton (Vaults:2)
  16 deep elf knights
  10 shadow wraiths
  A sun demon (Depths:1)
  6 salamander mystics
  Sonja (Lair:1)
  3 iron trolls
  A skyshark (shapeshifter) (Vaults:3)
  A storm dragon skeleton (Vaults:2)
  Lodul (D:14)
  4 sea snakes
  51 deep trolls
  4 goliath frogs
  20 skeletal warriors
  3 skysharks
  A spectral anaconda (Crypt:3)
  10 glowing orange brains
  6 swamp dragons
  5 flayed ghosts
  A fire crab (Lair:5)
  A spectral iron dragon (Crypt:3)
  9 spriggan druids
  9 deep elf archers
  5 spectral hydras (Swamp:4)
  A death drake (WizLab)
  13 lindwurms
  A tengu zombie (Depths:2)
  A deep troll (shapeshifter) (Vaults:5)
  18 orc knights
  An orange crystal statue (IceCv)
  11 bog bodies
  6 naga ritualists
  2 lindwurms (shapeshifter)
  7 arcanists
  10 mana vipers
  4 necromancers
  18 ironbound convokers
  5 harpies (Vaults:1)
  A harpy (shapeshifter) (Vaults:3)
  37 phantasmal warriors
  21 deep elf zephyrmancers
  30 deep elf pyromancers
  8 will-o-the-wisps
  5 orc sorcerers
  2 tengu skeletons (Vaults:2)
  35 ugly things
  3 oklob plants (Swamp:4)
  10 elephants
  2 salamanders (shapeshifter) (Vaults:3)
  A worldbinder (Swamp:2)
  5 cyclopes
  2 manticores
  A large abomination (Swamp:2)
  31 moths of wrath
  24 salamanders
  An alligator skeleton (Crypt:2)
  Maurice (D:7)
  5 kobold blastminers
  29 black mambas
  7 centaur zombies (D:11)
  A toenail golem (Depths:2)
  18 vault sentinels
  A naga zombie (Crypt:2)
  3 molten gargoyles (Lair:5)
  6 guardian serpents
  A guardian serpent (shapeshifter) (Vaults:5)
  13 naga magi
  2 apocalypse crabs (WizLab)
  18 cane toads
  A frost giant skeleton (Vaults:2)
  7 spectral spriggans
  2 smoke demons
  A gargoyle (D:13)
  An eye of devastation (shapeshifter) (Depths:2)
  A black draconian zombie (Crypt:2)
  12 komodo dragons
  A bunyip simulacrum (Crypt:2)
  A minotaur zombie (Gauntlet)
  A hellion (Swamp:2)
  13 yaktaurs
  Jeremiah (D:9)
  20 rime drakes
  10 freezing wraiths
  2 hydra zombies (Swamp:4)
  A yaktaur skeleton (Vaults:2)
  4 tengu conjurers
  10 trolls
  3 efreet
  An unseen horror skeleton (Crypt:2)
  A red devil (Zot:3)
  A meliai (shapeshifter) (Vaults:3)
  A wind drake (WizLab)
  3 trolls (shapeshifter)
  A harpy zombie (Crypt:3)
  25 hornets
  2 bloated husks (Swamp:1)
  A hornet (shapeshifter) (Vaults:3)
  19 polar bears
  Prince Ribbit (Lair:1)
  13 tyrant leeches
  6 dream sheep (Lair:4)
  2 death drake zombies (Swamp:4)
  2 death drake skeletons (Swamp:4)
  A snapping turtle (shapeshifter) (Elf:2)
  A glass eye (shapeshifter) (Vaults:5)
  11 blink frogs
  A hydra skeleton (Swamp:4)
  3 glass eyes
  2 ettin skeletons (Vaults:2)
  A spectral swamp dragon (Crypt:3)
  A jumping spider (shapeshifter) (Vaults:3)
  48 slime creatures
  17 shadows
  8 water elementals
  18 spriggans
  9 air elementals
  36 yaks
  13 wraiths
  5 wyverns
  2 hogs (Snake:3)
  28 fire elementals
  A basilisk (shapeshifter) (Vaults:3)
  9 basilisks
  12 wargs
  16 humans
  6 vampire mosquitoes
  An elf skeleton (Vaults:2)
  4 steam dragons
  A redback (Vaults:3)
  48 nagas
  11 swamp worms
  3 hell hounds (Lair:5)
  A glowing shapeshifter skeleton (Vaults:2)
  16 water moccasins
  A hydra simulacrum (Swamp:4)
  63 orc warriors
  4 swamp drakes
  4 black bears
  A small abomination (Zot:3)
  18 laughing skulls
  23 ogres
  A dream sheep zombie (Crypt:2)
  8 wolves
  3 swamp dragon zombies (Swamp:4)
  An elephant zombie (Crypt:2)
  7 boggarts
  17 centaurs
  2 phantoms
  A human skeleton (Vaults:2)
  2 kobold brigands
  9 weeping skulls (Crypt:3)
  13 bullfrogs
  A gnoll sergeant (D:4)
  2 earth elementals
  2 scorpions
  2 necrophages (Crypt:1)
  19 wights
  A burial acolyte (Ossuary)
  8 killer bees
  8 howler monkeys
  5 electric eels
  A bombardier beetle (D:6)
  5 lava snakes (Lair:5)
  27 jellies
  32 orc priests
  A gnoll bouda (D:10)
  2 hounds (D:5)
  Jessica (D:3)
  5 iguanas
  16 orc wizards
  A sleepcap (D:6)
  A deep dwarf zombie (Crypt:1)
  5 mummies
  Robin (D:3)
  19 gnolls
  11 adders
  3 shadow imps
  A jelly zombie (Crypt:1)
  An adder skeleton (Crypt:2)
  4 dart slugs
  2 worms
  112 orcs
  9 bats
  8 endoplasms
  5 giant cockroaches
  18 goblins
  10 hobgoblins
  15 jackals
  4 quokkas
  7 ball pythons
  3 frilled lizards (D:3)
  11 gnoll skeletons (Ossuary)
  18 kobolds
  4 kobold skeletons (Ossuary)
  7 orc skeletons (Ossuary)
  9 rats
  2 aspiring fleshes (Zot:2)
  A starspawn tentacle (Swamp:2)
2642 creatures vanquished.

Vanquished Creatures (others)
  A dread lich (Vaults:5)
  An ancient lich (Zot:5)
  A tentacled monstrosity (Zot:2)
  An eldritch tentacle (Zot:5)
  A death drake (WizLab)
  A bloated husk (Swamp:1)
  A human (Snake:3)
  A water elemental (Elf:2)
  89 foxfires
  A starspawn tentacle (Swamp:2)
98 creatures vanquished.

Grand Total: 2740 creatures vanquished

Notes
Turn   | Place    | Note
-------+----------+-------------------------------------------
     0 | D:1      | Ge0ff the Vampire Cinder Acolyte began the quest for the
                  | Orb.
     0 | D:1      | Reached XP level 1. HP: 17/17 MP: 2/2
   134 | D:1      | Reached skill level 1 in Stealth
   134 | D:1      | Reached XP level 2. HP: 23/23 MP: 3/3
   137 | D:1      | Learned a level 2 spell: Scorch
   478 | D:1      | Gained mutation: You are afflicted with vampirism and can
                  | become a bat while bloodless. [Vampire growth]
   478 | D:1      | Reached XP level 3. HP: 28/28 MP: 1/5
   538 | D:1      | Found a faded altar of an unknown god.
  1566 | D:2      | Reached XP level 4. HP: 35/35 MP: 6/6
  1869 | D:2      | Found Ganic's Weapon Boutique.
  2438 | D:3      | Noticed Jessica
  2444 | D:3      | Killed Jessica
  2445 | D:3      | Reached XP level 5. HP: 36/41 MP: 3/8
  3012 | D:3      | Found an opulent altar of Gozag.
  3294 | D:3      | Found a bloodstained altar of Trog.
  3899 | D:3      | Found a bloodstained altar of Trog.
  3904 | D:3      | Noticed Robin
  3907 | D:3      | Killed Robin
  4469 | D:3      | Found an opulent altar of Gozag.
  4914 | D:3      | Found a bloodstained altar of Trog.
  4980 | D:3      | Found an opulent altar of Gozag.
  5299 | D:4      | Reached XP level 6. HP: 43/47 MP: 3/9
  5502 | D:4      | Found Tehit's General Store.
  5535 | D:4      | Bought a scroll of identify for 20 gold pieces
  5535 | D:4      | Bought a potion of cancellation for 80 gold pieces
  5535 | D:4      | Bought a potion of attraction for 30 gold pieces
  5535 | D:4      | Bought a potion of might for 40 gold pieces
  5816 | D:4      | Found Tehit's General Store.
  6143 | D:5      | Entered Level 5 of the Dungeon
  6318 | D:5      | Reached skill level 5 in Fire Magic
  7193 | D:5      | Reached XP level 7. HP: 25/52 MP: 3/10
  7421 | D:5      | Reached skill level 1 in Dodging
  7455 | D:5      | Reached skill level 1 in Armour
  7670 | D:5      | Found an ancient bone altar of Kikubaaqudgha.
  7675 | D:5      | Noticed a wyvern
  7681 | D:5      | Killed a wyvern
  7682 | D:5      | Reached XP level 8. HP: 36/60 MP: 7/12
  7857 | D:5      | You fall into a shaft and drop 3 floors!
  7960 | D:7      | Noticed Maurice
  8084 | D:6      | Found a sand-covered staircase.
  8134 | Ossuary  | Entered an ossuary
 10454 | D:5      | Found an ancient bone altar of Kikubaaqudgha.
 10685 | D:6      | Reached XP level 9. HP: 65/65 MP: 4/15
 11357 | D:7      | Reached skill level 1 in Shields
 11468 | D:7      | Reached skill level 5 in Spellcasting
 11910 | D:7      | Found a stormy altar of Qazlal.
 11978 | D:7      | Found a staircase to the Ecumenical Temple.
 11996 | D:7      | Killed Maurice
 11997 | D:7      | Reached skill level 5 in Fighting
 12009 | Temple   | Entered the Ecumenical Temple
 12012 | Temple   | Learned a level 1 spell: Apportation
 12557 | D:7      | Found a sacrificial altar of Ru.
 12729 | D:8      | Found a staircase to the Lair.
 12799 | D:8      | Reached skill level 1 in Translocations
 12965 | D:8      | Found a broken altar of Ashenzari.
 13747 | D:8      | Found an ornate altar of the Wu Jian Council.
 13977 | D:9      | Noticed Harold
 14018 | D:9      | Noticed Jeremiah
 14033 | D:9      | Killed Jeremiah
 14034 | D:9      | Reached skill level 1 in Evocations
 14034 | D:9      | Reached XP level 10. HP: 70/74 MP: 20/20
 14166 | D:9      | Killed Harold
 14502 | D:10     | Entered Level 10 of the Dungeon
 14968 | D:10     | Learned a level 5 spell: Freezing Cloud
 15021 | D:10     | Found Ymeack's Armour Shoppe.
 15086 | D:10     | Found a snail-covered altar of Cheibriados.
 15328 | D:10     | Reached skill level 1 in Ice Magic
 15328 | D:10     | Reached skill level 1 in Air Magic
 15393 | D:10     | Learned a level 3 spell: Frozen Ramparts
 15458 | D:11     | Found a staircase to the Orcish Mines.
 15540 | D:11     | Reached skill level 1 in Conjurations
 15914 | D:12     | Found a gate leading to a gauntlet.
 15922 | Gauntlet | Entered a Gauntlet
 15922 | Gauntlet | Found a transporter.
 15922 | Gauntlet | Found a transporter.
 16000 | Gauntlet | Found a transporter.
 16015 | Gauntlet | Found a transporter.
 16028 | Gauntlet | Noticed a brown ugly thing
 16030 | Gauntlet | Noticed a green ugly thing
 16030 | Gauntlet | Noticed a great orb of eyes
 16031 | Gauntlet | Found a transporter.
 16042 | Gauntlet | Found a transporter.
 16057 | Gauntlet | Noticed an orange crystal statue
 16058 | Gauntlet | Found a transporter.
 16123 | Gauntlet | Noticed an ice statue
 16124 | Gauntlet | Found a transporter.
 16139 | Gauntlet | Found a transporter.
 16153 | Gauntlet | Found a transporter.
 16166 | Gauntlet | Found a transporter.
 16168 | Gauntlet | Noticed a dire elephant
 16181 | Gauntlet | Noticed an orange crystal statue
 16229 | Gauntlet | Noticed an elephant
 16255 | Gauntlet | Found a transporter.
 16257 | Gauntlet | Noticed a quicksilver ooze
 16271 | Gauntlet | Found a transporter.
 16271 | Gauntlet | Noticed an elephant
 16275 | Gauntlet | Found a transporter.
 16277 | Gauntlet | Found a transporter.
 16309 | Gauntlet | Found a transporter.
 16460 | Gauntlet | Paralysed by a hornet for 2 turns
 16468 | Gauntlet | Paralysed by a hornet for 2 turns
 16469 | Gauntlet | Reached XP level 11. HP: 18/79 MP: 4/24
 16662 | Gauntlet | Gained mutation: Your magical capacity is low. (-10% MP)
                  | [potion of mutation]
 16687 | Gauntlet | Identified the +0 hat "Pyukkac" {Stlth+}
 16718 | Gauntlet | Identified the ring "Raesutaj" {Fire Str+4 Int-3}
 16796 | Gauntlet | Identified the +6 eveningstar of Hubris {heavy, +Blink
                  | rPois Int+5}
 16796 | Gauntlet | Noticed a minotaur
 16814 | Gauntlet | Killed a minotaur
 16866 | Gauntlet | my hubris now!
 16877 | Gauntlet | Learned a level 6 spell: Bombard
 17337 | D:12     | Noticed a deep elf pyromancer
 17341 | D:12     | Killed a deep elf pyromancer
 17342 | D:12     | Reached skill level 1 in Earth Magic
 17533 | D:12     | Found a hide-covered altar of Uskayaw.
 19365 | D:11     | Found a bloodstained altar of Trog.
 19382 | D:11     | Reached skill level 5 in Ice Magic
 19382 | D:11     | Reached skill level 5 in Air Magic
 19454 | D:11     | Noticed a boulder beetle
 19495 | D:11     | Killed a boulder beetle
 19916 | Lair:1   | Entered Level 1 of the Lair of Beasts
 19986 | Lair:1   | Noticed Erica
 19994 | Lair:1   | Noticed Sonja
 20013 | Lair:1   | Reached skill level 5 in Earth Magic
 20097 | Lair:1   | Reached skill level 5 in Conjurations
 20170 | Lair:1   | Noticed Prince Ribbit
 20179 | Lair:1   | Killed Erica
 20180 | Lair:1   | Reached XP level 12. HP: 65/86 MP: 18/22
 20187 | Lair:1   | Killed Prince Ribbit
 20324 | Lair:1   | Killed Sonja
 21348 | Lair:2   | Noticed a boulder beetle
 21365 | Lair:2   | Killed a boulder beetle
 21898 | Lair:2   | Noticed Gastronok
 21920 | Lair:2   | Killed Gastronok
 21921 | Lair:2   | Reached XP level 13. HP: 62/91 MP: 2/23
 22055 | Lair:2   | Found a staircase to the Snake Pit.
 22924 | Lair:2   | Found a staircase to the Snake Pit.
 23930 | Lair:3   | Found a staircase to the Swamp.
 25387 | Lair:4   | Reached skill level 10 in Earth Magic
 26694 | Lair:5   | Entered Level 5 of the Lair of Beasts
 26900 | Lair:5   | Found a staircase to the Slime Pits.
 27056 | Temple   | Fell from the grace of Ignis
 27056 | Temple   | Became a worshipper of Vehumet
 27673 | Lair:5   | Reached XP level 14. HP: 98/98 MP: 17/24
 28855 | Lair:5   | Reached * piety under Vehumet
 28855 | Lair:5   | Offered knowledge of Sandblast by Vehumet.
 29072 | Lair:5   | Reached skill level 5 in Shields
 29137 | Lair:5   | Found a large runed translucent door.
 29384 | Lair:5   | Found a large runed translucent door.
 29484 | Lair:5   | Learned a level 5 spell: Lee's Rapid Deconstruction
 29708 | Orc:1    | Entered Level 1 of the Orcish Mines
 29952 | Orc:1    | Reached ** piety under Vehumet
 29952 | Orc:1    | Offered knowledge of Searing Ray by Vehumet.
 30838 | Orc:1    | Offered knowledge of Static Discharge by Vehumet.
 31141 | Orc:2    | Entered Level 2 of the Orcish Mines
 31143 | Orc:2    | Reached *** piety under Vehumet
 32501 | Orc:2    | Offered knowledge of Ignite Poison by Vehumet.
 32509 | Orc:2    | Learned a level 4 spell: Ignite Poison
 32513 | Orc:2    | Learned a level 3 spell: Mephitic Cloud
 32978 | Orc:2    | Found Ipekhluysofo's General Store.
 33108 | Orc:2    | Found Vuemaory's Book Shop.
 33147 | Orc:2    | Reached skill level 1 in Alchemy
 33196 | Orc:2    | Reached **** piety under Vehumet
 33202 | Orc:2    | Offered knowledge of Fireball by Vehumet.
 33671 | D:12     | Learned a level 5 spell: Fireball
 34114 | Orc:2    | Noticed an orc warlord
 34123 | Orc:2    | Killed an orc warlord
 34683 | Orc:2    | Found a staircase to the Elven Halls.
 34884 | Orc:2    | Reached ***** piety under Vehumet
 34885 | Orc:2    | Reached XP level 15. HP: 103/103 MP: 8/25
 34953 | Orc:2    | Offered knowledge of Conjure Ball Lightning by Vehumet.
 35282 | Orc:2    | Was forgiven by Ignis
 35385 | Orc:2    | Found Ypsufa's Book Boutique.
 35555 | Orc:2    | Reached skill level 10 in Spellcasting
 35615 | Orc:2    | Found Ugeset's Magic Scroll Emporium.
 36155 | D:10     | Bought the +2 shield of Resistance {rF++ rC++ Will++} for
                  | 987 gold pieces
 36155 | D:10     | Found the +2 shield of Resistance {rF++ rC++ Will++}
 36300 | D:13     | Reached skill level 10 in Air Magic
 36450 | D:13     | Reached skill level 10 in Ice Magic
 36950 | D:14     | Found a gate to the Vaults.
 37206 | D:14     | Noticed Lodul
 37574 | D:14     | Noticed Jorgrun
 37580 | D:14     | Noticed Snorg
 37587 | D:14     | Killed Jorgrun
 38153 | D:14     | Killed Snorg
 38161 | D:14     | Offered knowledge of Airstrike by Vehumet.
 38204 | D:14     | Killed Lodul
 38568 | D:14     | Found a gate to the Vaults.
 38920 | D:15     | Entered Level 15 of the Dungeon
 39018 | D:15     | Found Lenlof's Weapon Emporium.
 39242 | D:15     | Reached skill level 10 in Conjurations
 39768 | D:15     | Found Fyoleizi's Antique Armour Shop.
 39774 | D:15     | Bought a jewelled scale mail for 279 gold pieces
 39774 | D:15     | Identified the +1 scale mail of Egalitarianism {rC+ rCorr
                  | Int-3 Dex+3} (You bought it in a shop on level 15 of the
                  | Dungeon)
 39774 | D:15     | Bought a glowing hat for 217 gold pieces
 39812 | D:15     | Found Tyital's Antique Weapon Shoppe.
 39919 | D:15     | Found Aggarilo's Distillery.
 40017 | D:15     | Found a staircase to the Depths.
 40424 | D:15     | Reached XP level 16. HP: 109/109 MP: 15/27
 40624 | Swamp:1  | Entered Level 1 of the Swamp
 41598 | Swamp:1  | Offered knowledge of Plasma Beam by Vehumet.
 41858 | D:15     | Learned a level 6 spell: Plasma Beam
 42657 | Swamp:1  | Reached skill level 10 in Fire Magic
 43887 | Swamp:2  | Noticed leebro123's ghost (adept VSEn)
 44002 | Swamp:2  | Noticed a tentacled starspawn
 44009 | Swamp:2  | Found a transporter.
 44014 | Swamp:2  | Noticed a hellephant
 44015 | Swamp:2  | Noticed a tentacled starspawn
 44102 | Swamp:2  | Found a transporter.
 44585 | Swamp:3  | Noticed Louise
 44732 | Swamp:3  | Killed Louise
 44737 | Swamp:3  | Found a frozen archway.
 44853 | IceCv    | Entered an ice cave
 45287 | IceCv    | Reached XP level 17. HP: 91/117 MP: 2/28
 45599 | IceCv    | Offered knowledge of Ozocubu's Refrigeration by Vehumet.
 46649 | IceCv    | Identified the +1 hat of Twilight {rF+}
 47171 | Orc:2    | Bought a scroll of amnesia for 56 gold pieces
 47172 | Orc:2    | Bought a scroll of amnesia for 56 gold pieces
 47181 | Orc:2    | Learned a level 7 spell: Ozocubu's Refrigeration
 47184 | Orc:2    | Learned a level 2 spell: Passwall
 47598 | Swamp:3  | Found a runed translucent door.
 47605 | Swamp:3  | Noticed leebro123's ghost (adept VSBr)
 47683 | Swamp:3  | Killed leebro123's ghost
 48073 | Swamp:4  | Entered Level 4 of the Swamp
 49430 | Swamp:4  | Reached ****** piety under Vehumet
 50921 | Swamp:4  | Found a blossoming altar of Fedhas.
 50970 | Swamp:4  | Found a basalt altar of Yredelemnul.
 51064 | Swamp:4  | Got a decaying rune of Zot
 51248 | Snake:1  | Entered Level 1 of the Snake Pit
 51263 | Snake:1  | Offered knowledge of Starburst by Vehumet.
 52124 | Snake:1  | Reached XP level 18. HP: 123/123 MP: 21/31
 53074 | Snake:2  | Found Eneab's Assorted Antiques.
 53076 | Snake:2  | Found Agogac's Antique Armour Boutique.
 53078 | Snake:2  | Found Somufroa's Antique Weapon Shop.
 53360 | Snake:2  | Found a hide-covered altar of Uskayaw.
 54005 | Snake:3  | Noticed Roxanne
 54179 | Snake:3  | Killed Roxanne
 54807 | Snake:3  | Noticed Kirke
 54812 | Snake:3  | Killed Kirke
 54812 | Snake:3  | Offered knowledge of Irradiate by Vehumet.
 54820 | Snake:3  | Learned a level 5 spell: Irradiate
 55502 | Snake:4  | Entered Level 4 of the Snake Pit
 56262 | Snake:4  | Found Uwoxubu's General Store.
 56268 | Snake:4  | Bought a potion of heal wounds for 55 gold pieces
 56268 | Snake:4  | Bought a potion of magic for 88 gold pieces
 56268 | Snake:4  | Bought a scroll of immolation for 44 gold pieces
 56499 | Snake:4  | Found Eboz's Jewellery Shoppe.
 56501 | Snake:4  | Found Geuw Heo's Book Boutique.
 56502 | Snake:4  | Found Odwaghitio's Jewellery Shoppe.
 56510 | Snake:4  | Bought a book of Blood for 392 gold pieces
 56871 | Snake:4  | Learned a level 2 spell: Sublimation of Blood
 56997 | Snake:4  | Reached skill level 1 in Necromancy
 57061 | Snake:4  | Noticed Vashnia
 57114 | Snake:4  | Killed Vashnia
 57447 | Snake:4  | Reached XP level 19. HP: 131/131 MP: 21/34
 57493 | Snake:4  | Got a serpentine rune of Zot
 57996 | Swamp:2  | Offered knowledge of Maxwell's Capacitive Coupling by
                  | Vehumet.
 58000 | Swamp:2  | Killed leebro123's ghost
 58034 | Swamp:2  | Killed a hellephant
 58110 | Swamp:2  | Found a one-way gate to the infinite horrors of the Abyss.
 58145 | Swamp:2  | Learned a level 8 spell: Maxwell's Capacitive Coupling
 58365 | Elf:1    | Entered Level 1 of the Elven Halls
 58410 | Elf:1    | Found a radiant altar of Vehumet.
 58418 | Elf:1    | Reached skill level 5 in Alchemy
 58574 | Elf:1    | Identified the +0 leather armour of Beeddume {Dex+2}
 58640 | Elf:1    | Found Ekhloura's Antique Armour Shop.
 58648 | Elf:1    | Bought a pair of embroidered boots for 337 gold pieces
 59361 | Elf:1    | Paralysed by an air elemental for 1 turns
 59616 | Elf:1    | Got the Secrets of Electrocution
 59627 | Elf:1    | Got the Elucidation of Arson
 60527 | Elf:2    | Found a runed translucent gate.
 60527 | Elf:2    | Found a runed translucent gate.
 60537 | Elf:2    | Found a runed translucent gate.
 61187 | Elf:2    | Reached skill level 5 in Necromancy
 62116 | Elf:3    | Entered Level 3 of the Elven Halls
 62281 | Elf:3    | Reached skill level 5 in Translocations
 62306 | Elf:3    | Found Fastrost's Armour Shop.
 62314 | Elf:3    | Bought a +1 helmet of intelligence for 313 gold pieces
 63658 | Elf:3    | Reached XP level 20. HP: 114/141 MP: 28/34
 63967 | Elf:3    | Identified the +10 short sword "Ywku" {flame, MP+9 Str+4
                  | Int-2}
 63983 | Elf:3    | Offered knowledge of Fire Storm by Vehumet.
 63983 | Elf:3    | Offered knowledge of Shatter by Vehumet.
 63983 | Elf:3    | Offered knowledge of Polar Vortex by Vehumet.
 64367 | Elf:3    | Found the +3 Elemental Staff {ele, rElec rF+ rC+ AC+3}
 64383 | Elf:3    | hello there
 64392 | Elf:3    | Got Sif Muna's Collected Works on Conflict and the Curse
 64523 | Elf:3    | Identified the +9 flail "Gempem" {venom, Dex+2}
 64833 | Elf:3    | Identified the amulet "Puzeum" {Spirit rC++ Dex+2}
 64906 | Elf:3    | Identified the +0 rapier of Ifoila Qofu {freeze, rElec rN++
                  | Str+2 Dex-3}
 65028 | Elf:3    | Identified the +0 halberd of Resourcefulness {spect, MP+9}
 65071 | Elf:3    | Bought a +1 pair of gloves of dexterity for 313 gold pieces
 65496 | Snake:4  | Bought the macabre finger necklace {Finger+ rN+} for 760
                  | gold pieces
 65496 | Snake:4  | Found the macabre finger necklace {Finger+ rN+}
 65763 | Orc:2    | Bought the ring of Uskayaw's Grace {Wiz *Slow rPois Int+2
                  | Slay+2} for 674 gold pieces
 66842 | Vaults:1 | Entered Level 1 of the Vaults
 66855 | Vaults:1 | Reached skill level 5 in Dodging
 67516 | Vaults:1 | Found Punytu's Antique Armour Emporium.
 67544 | Vaults:1 | Bought a runed cloak for 135 gold pieces
 67756 | Vaults:1 | Found Gamocwuwk's Jewellery Emporium.
 69048 | Vaults:2 | Reached XP level 21. HP: 151/151 MP: 28/35
 69472 | Vaults:2 | Identified the +2 longbow of the Wasteland {flame, Fly rF+
                  | Stlth+}
 70287 | Vaults:2 | Found a staircase to the Crypt.
 70787 | Vaults:3 | Reached skill level 10 in Fighting
 71217 | Vaults:3 | Found a runed translucent gate.
 71217 | Vaults:3 | Found a runed translucent gate.
 71218 | Vaults:3 | Found a runed translucent gate.
 71775 | Vaults:3 | Reached skill level 10 in Alchemy
 72026 | Vaults:3 | Found a runed translucent gate.
 72026 | Vaults:3 | Found a runed translucent gate.
 72028 | Vaults:3 | Noticed Amplified's ghost (adept MiAl)
 72033 | Vaults:3 | Found a runed translucent gate.
 72358 | Vaults:3 | Killed Amplified's ghost
 72489 | Vaults:3 | Identified the +2 robe of Classification {Rampage Int+4
                  | Stlth- Archmagi}
 72626 | Vaults:4 | Paralysed by a formless jellyfish for 1 turns
 73258 | Vaults:4 | Found a portal to a secret trove of treasure.
 73430 | Vaults:4 | Reached XP level 22. HP: 161/161 MP: 27/36
 74678 | Depths:1 | Entered Level 1 of the Depths
 74699 | Depths:1 | Found a gateway to Hell.
 74790 | Depths:1 | Reached skill level 10 in Necromancy
 75333 | Depths:1 | Found Koileili's Changing Room.
 75343 | Depths:1 | Bought a potion of mutation for 160 gold pieces
 75343 | Depths:1 | Bought a potion of mutation for 160 gold pieces
 75536 | Depths:1 | Found a large runed translucent door.
 75538 | Depths:1 | Found a large runed translucent door.
 75540 | Depths:1 | Found a large runed translucent door.
 75853 | Depths:1 | Found a large runed translucent door.
 75855 | Depths:1 | Found a large runed translucent door.
 75857 | Depths:1 | Found a large runed translucent door.
 75972 | Depths:1 | Found a large runed translucent door.
 75973 | Depths:1 | Found a large runed translucent door.
 76227 | Depths:1 | Lost mutation: Your magical capacity is low. (-10% MP)
                  | [potion of mutation]
 76227 | Depths:1 | Gained mutation: You are vulnerable to cold. (rC-) [potion
                  | of mutation]
 76227 | Depths:1 | Gained mutation: You are strong-willed. (Will+) [potion of
                  | mutation]
 76228 | Depths:1 | Lost mutation: You are strong-willed. (Will+) [potion of
                  | mutation]
 76228 | Depths:1 | Lost mutation: You are vulnerable to cold. (rC-) [potion of
                  | mutation]
 76228 | Depths:1 | Gained mutation: Your skin changes colour to match your
                  | surroundings (Stealth+). [potion of mutation]
 76229 | Depths:1 | Lost mutation: Your skin changes colour to match your
                  | surroundings (Stealth+). [potion of mutation]
 76229 | Depths:1 | Gained mutation: You are strong-willed. (Will+) [potion of
                  | mutation]
 76366 | Depths:1 | Identified the +0 cloak "Asuiteon" {Will++ SInv}
 76518 | Depths:2 | Found a blossoming altar of Fedhas.
 76518 | Depths:2 | Found Oran's Antique Armour Shop.
 77024 | Depths:2 | Identified the granite talisman of Bierum {rC+ Will+ Str+6
                  | Dex-5}
 77458 | Depths:2 | Noticed a juggernaut
 77462 | Depths:2 | Killed a juggernaut
 77591 | Depths:2 | Found a one-way gate leading to the halls of Pandemonium.
 77596 | Depths:2 | Reached XP level 23. HP: 169/169 MP: 36/41
 77917 | Depths:2 | Noticed a caustic shrike
 77922 | Depths:2 | Killed a caustic shrike
 78319 | Depths:2 | You fall into a shaft and drop 2 floors!
 78319 | Depths:4 | Entered Level 4 of the Depths
 78383 | Depths:4 | Noticed a caustic shrike
 78384 | Depths:4 | Noticed a caustic shrike
 78432 | Depths:3 | Found a magical portal.
 78475 | WizLab   | Entered The Chambers of the Cloud Mage
 79427 | WizLab   | Got Exazxuk's Information on Vapour
 79432 | WizLab   | Identified the ring of Nemelex Xobeh's Hope {rElec rPois
                  | AC+4 Slay-2 SInv}
 79559 | Depths:3 | Noticed a dread lich
 79564 | Depths:3 | Killed a dread lich
 79621 | Depths:3 | Noticed a caustic shrike
 79624 | Depths:3 | Killed a caustic shrike
 79630 | Depths:3 | Noticed a juggernaut
 79632 | Depths:3 | Killed a juggernaut
 79803 | Depths:3 | Identified the +7 battleaxe "Huheuwoe" {antimagic, rElec}
 80186 | Depths:2 | Reached skill level 10 in Translocations
 81934 | Depths:4 | Killed a caustic shrike
 81935 | Depths:4 | Noticed a caustic shrike
 81939 | Depths:4 | Killed a caustic shrike
 81939 | Depths:4 | Killed a caustic shrike
 82433 | Depths:4 | Found a one-way gateway to a ziggurat.
 82566 | Depths:4 | Reached XP level 24. HP: 172/180 MP: 15/41
 82784 | Depths:4 | Found a gate to the Realm of Zot.
 83912 | Vaults:4 | You paid a toll of +3 gold dragon scales to enter a
                  | treasure trove
 83913 | Trove    | Entered a treasure trove
 83940 | Trove    | Identified the +3 robe "Ezuhist" {Dex+3 Archmagi}
 83959 | Trove    | Identified the +6 rapier of Yperghat {freeze, Dex+3}
 83961 | Trove    | Identified the ring "Inuquforch" {rElec rN+ Will- rCorr
                  | Int+5}
 83999 | Vaults:5 | Entered Level 5 of the Vaults
 84050 | Vaults:5 | Noticed Sojobo
 84056 | Vaults:5 | Killed Sojobo
 84092 | Vaults:5 | Noticed Bai Suzhen
 84096 | Vaults:5 | Killed Bai Suzhen
 84122 | Vaults:5 | Noticed a dread lich
 84131 | Vaults:5 | Killed a dread lich
 84545 | Vaults:5 | Identified the +1 scale mail of Fouqup {-Tele rF+ Int+3
                  | Dex+2}
 84737 | Vaults:5 | Identified the ring of Zantupt {Fly Str+2 Int+4}
 84970 | Vaults:5 | Identified the +5 dagger "Vipriynt" {antimagic, rC+ Str+3
                  | SInv}
 85822 | Vaults:5 | Found the +8 longbow "Zephyr" {speed, Dex+3 SInv}
 85935 | Vaults:5 | Identified the +2 helmet of Zin's Esteem {Regen+ Int+3}
 86176 | Vaults:5 | Got a silver rune of Zot
 87098 | Snake:4  | Bought a manual of Armour for 1120 gold pieces
 87098 | Snake:4  | Bought a manual of Shields for 1120 gold pieces
 87147 | Snake:2  | Bought a potion of invisibility for 216 gold pieces
 87147 | Snake:2  | Bought a potion of enlightenment for 135 gold pieces
 87147 | Snake:2  | Bought a scroll of fear for 108 gold pieces
 87382 | Orc:2    | Bought a potion of mutation for 112 gold pieces
 87382 | Orc:2    | Bought a wand of paralysis (5) for 168 gold pieces
 87382 | Orc:2    | Bought a potion of curing for 42 gold pieces
 87462 | Orc:2    | Bought a scroll of butterflies for 56 gold pieces
 87462 | Orc:2    | Bought a scroll of fear for 56 gold pieces
 87462 | Orc:2    | Bought a scroll of vulnerability for 56 gold pieces
 87669 | D:4      | Bought a potion of curing for 30 gold pieces
 87885 | D:15     | Bought a potion of brilliance for 64 gold pieces
 87885 | D:15     | Bought a potion of curing for 48 gold pieces
 87885 | D:15     | Bought a potion of curing for 48 gold pieces
 87885 | D:15     | Bought a potion of brilliance for 64 gold pieces
 87885 | D:15     | Bought a potion of cancellation for 128 gold pieces
 87885 | D:15     | Bought a potion of cancellation for 128 gold pieces
 87885 | D:15     | Bought a potion of cancellation for 128 gold pieces
 88034 | Zot:1    | Entered Level 1 of the Realm of Zot
 88204 | Zot:1    | Reached XP level 25. HP: 157/188 MP: 24/41
 89758 | Zot:2    | Found a transporter.
 90372 | Zot:2    | Identified the +2 war axe "Ycofeomn" {holy, rElec Will+}
 90577 | Zot:2    | Found a transporter.
 90797 | Zot:2    | Found a runed translucent gate.
 90798 | Zot:2    | Found a runed translucent gate.
 90799 | Zot:2    | Found a runed translucent gate.
 90799 | Zot:2    | Found an opulent altar of Gozag.
 90799 | Zot:2    | Noticed Kapop's ghost (legendary GrMo)
 90801 | Zot:2    | Found Bevotzov's Assorted Antiques.
 92126 | Zot:3    | Noticed an orb of fire
 92136 | Zot:3    | Noticed a Killer Klown
 92469 | Zot:3    | Killed a Killer Klown
 92722 | Zot:3    | Noticed a Killer Klown
 92727 | Zot:3    | Killed a Killer Klown
 92774 | Zot:3    | Gained mutation: You are highly strong-willed. (Will++) [an
                  | orb of fire]
 92776 | Zot:3    | Killed an orb of fire
 93639 | Zot:4    | Reached XP level 26. HP: 200/200 MP: 17/41
 93902 | Zot:4    | Reached skill level 1 in Throwing
 94028 | Zot:4    | Reached skill level 5 in Stealth
 94785 | Zot:4    | Reached skill level 5 in Armour
 95229 | Zot:4    | Reached skill level 10 in Shields
 96477 | Zot:5    | Entered Level 5 of the Realm of Zot
 96479 | Zot:5    | Noticed an ancient lich
 97368 | Zot:5    | Noticed an orb of fire
 97774 | Zot:5    | Noticed a dread lich
 97780 | Zot:5    | Killed a dread lich
 97781 | Zot:5    | Reached skill level 5 in Evocations
 97789 | Zot:5    | Killed an ancient lich
 97795 | Zot:5    | Noticed a dread lich
 97801 | Zot:5    | Killed a dread lich
 98061 | Zot:5    | Killed an orb of fire
 98658 | Zot:5    | Noticed an orb of fire
 98659 | Zot:5    | Gained mutation: You sometimes lose your temper in combat.
                  | [an orb of fire]
 98662 | Zot:5    | Killed an orb of fire
 99076 | Zot:5    | Reached XP level 27. HP: 206/206 MP: 34/41
 99774 | Crypt:1  | Entered Level 1 of the Crypt
 99877 | Vaults:2 | Learned a level 4 spell: Iskenderun's Mystic Blast
 99905 | Vaults:2 | Reached skill level 10 in Stealth
 99957 | Crypt:1  | Reached skill level 10 in Armour
100052 | Crypt:2  | Reached skill level 5 in Throwing
100216 | Crypt:3  | Entered Level 3 of the Crypt
100297 | Crypt:3  | Found a basalt altar of Yredelemnul.
100552 | Crypt:3  | Identified the amulet "Elisor" {Regen+ Str+3}
100553 | Crypt:3  | Identified the ring of Alyopn {*Corrode rC+++ rN+ Will++
                  | Dex+3}
100554 | Crypt:3  | Identified the ring "Gadaloigh" {rF+ rN+ Int+3}
100599 | Crypt:3  | Got an ivory gem with 1156 turns to spare
100660 | Crypt:3  | Identified the granite talisman of Okawaru, Changing {Will+
                  | Dex+3}
101115 | Zot:5    | Got the Orb of Zot
101206 | Zot:3    | Noticed Xuiriuk the pandemonium lord
101210 | Zot:3    | Killed Xuiriuk the pandemonium lord
101649 | D:$      | Escaped with the Orb!

Illustrated notes #?# ##'### #.⌠..# #...⌠+ +⌠..( ..∩ #(# #######@####### #.............# #.###.###.###.# #.............# ###.###.###.## ###.###.###.##### .........).....≈# ### .8.8.8.8.8.8.8.8# ### #8# ...............§# #8# Turn 16866 on Gauntlet: my hubris now!

#..# #.## ##.# ####..#
#.)..## ####.####
##..)[...##
######.......[.###
##)@#...[)).......#
###[.##..).)..)...=.##
##:.)##....[..........#
##:..(#..[)..=###[......
#..([.#.[[)..## ##.[)[..
#.....#..[.[## ##[....
##'##.#..!..# #)....
##...###.....## ##.....
##.....##......##
##......


Turn 64383 on Elf:3: hello there

Levels and vault maps discovered:
D:1:      heliophobic_arrival_ceremonial_halls, layout_rooms,
          dreamdust_ecumenical_altar_hidden_monk_grotto,
          chequers_serial_rivers_micro_b
D:2:      layout_basic, serial_shops, nicolae_shop_pleasant_corner_grove
D:3:      layout_loops_cross, mainiacjoe_overflow_cross_hatched,
          lemuel_doored_altar, uniq_jessica, uniq_robin
D:4:      layout_rooms, serial_shops, shop
D:5:      layout_basic, mainiacjoe_overflow_six_doors_small, grunt_ministairs_2
D:6:      layout_loops_corners, gup_ossuary_entry_pyramid
D:7:      layout_loops_ring, nicolae_ru_great_annihilating_truth,
          nicolae_elyvilon_temple_path, mainiacjoe_overflow_boulevard,
          minmay_temple_entry_ruins, serial_glass, glass_columns_a,
          glass_columns_a, chequers_serial_rivers_micro_c,
          minmay_misc_feat_secret_circle, uniq_maurice
D:8:      layout_loops_ring, nicolae_ashenzari_panopticon,
          lemuel_coloured_pillars_altar, lair_entry_dummy
D:9:      layout_rooms, uniq_jeremiah, uniq_harold
D:10:     layout_cross, chei_slow_surprise, serial_shops,
          nicolae_shop_advertising_works [nicolae_subvault_shop_adworks],
          the_hattery
D:11:     layout_basic, david_orc_1_choice, serial_undead, serial_undead_d,
          serial_undead_b, serial_undead_d, serial_undead_b, trog_butcher_becter
D:12:     layout_irregular_city, gauntlet_entry_generic,
          nicolae_uskayaw_dance_hall
D:13:     layout_rooms, nicolae_tso_swordbearing_angel
D:14:     layout_roguey [special_room_orc], david_vaults_3, uniq_lodul,
          uniq_jorgrun, uniq_snorg
D:15:     hellmonk_depths_entry_around_the_bend, layout_basic, serial_shops,
          shop, nicolae_shop_scrapyard, shop, nicolae_shop_stone
Temple:   oiseaux_autumnal_temple
Lair:1:   layout_long_grid, grunt_megastairs_5, uniq_sonja, uniq_prince_ribbit2,
          uniq_erica
Lair:2:   layout_long_grid, minmay_snake_entry_guardpost_small, uniq_gastronok
Lair:3:   layout_roguey, palyth_hydra_swamp_entry
Lair:4:   layout_layer_cave, grunt_megastairs_1
Lair:5:   cheibrodos_lair_end_hotspot, layout_gridlike,
          nicolae_slime_entry_slimehenge
Swamp:1:  nicolae_swamp_flooded_prison, layout_basic_swamp,
          evilmike_swamp_ruin_rubble_1, infiniplex_staircase_pool_2
Swamp:2:  layout_basic_swamp, gammafunk_ghost_abyssal_escape,
          evilmike_swamp_ruin_house_5, hangedman_swamp_blocks, kb_tengu_band
Swamp:3:  layout_falls_marsh, hellmonk_ghost_happy_afterlife,
          portal_ice_cave_entry_frozen_things, hangedman_swamp_ruin_wall,
          swamp_pool_1_2, nzn_swamp_dancing_lights, uniq_louise
Swamp:4:  byrel_swamp_growth_death_and_undeath, layout_basic_swamp
Snake:1:  layout_gridlike, serial_bayou, serial_bayou_pond_b,
          serial_bayou_pond_c, serial_bayou_pond_c, serial_bayou_shore_b,
          serial_bayou_shore_b
Snake:2:  layout_onion, basic_altar, grunt_megastairs_3, minmay_shop_star,
          serial_bayou_shore_a
Snake:3:  nrook_guardian_serpent_snake_passage, layout_misc_corridors,
          uniq_roxanne, uniq_kirke
Snake:4:  johnstein_snake_rune_scales, layout_gridlike, serial_shops, shop,
          nicolae_snake_guarding_the_ruins, minmay_shop_grove,
          serial_bayou_shore_b
Orc:1:    layout_caves, basic_altar, mines5_lemuel
Orc:2:    pubby_orc_utopia
Elf:1:    eino_elf_arrival_altar, layout_onion_city, serial_shops,
          nicolae_shop_tiny_statue_garden, nicolae_elf_elemental_lessons
Elf:2:    nicolae_elf_blades_splatter_lattice [nicolae_blade_entry_pointy_end],
          layout_geoelf_grid
Elf:3:    nooodl_elf_gasket, layout_geoelf_octagon, serial_shops, shop
Vaults:1: vaults_dpeg_encased_lava, v_misc_26, v_alt_pattern_2,
          nicolae_vaults_puzzle_piece, vaults_dpeg_doors,
          nicolae_vaults_surprise_closet, grunt_vaults_focal,
          grunt_vaults_hallway_short, vaults_mumra_minichess, vaults_room_pools,
          layout_vaults_chaotic_city, serial_shops, shop, shop
Vaults:2: minmay_crypt_entry_skeletal_spiral, vaults_room_ringed_pool,
          nicolae_vaults_little_squares_5, dpeg_vaults_hating_casters,
          vaults_mumra_chevron_long, nicolae_vaults_diamond_2, v_misc_25,
          nicolae_vaults_sightless_eye, hangedman_vaults_stagger,
          hangedman_vaults_maws, nicolae_vaults_diamond_2,
          nicolae_vaults_diamond_1, vaults_room_pool, layout_vaults_omnicross
Vaults:3: ploomutoo_gammafunk_ghost_potion_laboratory,
          nicolae_vaults_trapezoid_lopsided_2, v_rooms_6,
          nicolae_vaults_diamond_2, hangedman_vaults_maws,
          nicolae_vaults_yaktaur_gun_rack, layout_vaults_omnigrid
Vaults:4: nicolae_vaults_stepped_doors, vaults_room_door_hall, st_lines,
          v_misc_31, grunt_vaults_twisty, nicolae_vaults_three_branches,
          v_alt_pattern_3, ontoclasm_vaults_bender, hangedman_vaults_snaps,
          ontoclasm_vaults_ring_square, ontoclasm_vaults_gateway, v_misc_19,
          layout_vaults_maze_bifur, enter_trove_2
Vaults:5: uniq_sojobo, uniq_bai_suzhen
Crypt:1:  layout_basic, small_chamber_with_monster, wad_floor_pattern_untrapped
Crypt:2:  layout_misc_corridors, nicolae_crypt_knee_deep_in_the_dead
Crypt:3:  church_of_pain_bobbens, layout_chaotic_city,
          nicolae_tomb_entry_unfolded_pyramid_diagonal
Depths:1: minmay_five_octagons, layout_gridlike, abyss_entry_glasseish,
          hangedman_abyss_or_decor_stabs, lightli_too_deep,
          chequers_serial_rivers_small_a, nicolae_transmutations_shop,
          zin_academy
Depths:2: hangedman_box_tower, layout_cave_pools, pan_entry, serial_shops, shop,
          fedhas_altar_2, hell_entry, kennysheep_nub, kennysheep_small_square,
          infiniplex_staircase_zigzag_4
Depths:3: minmay_textured_paths, layout_gridville, hell_entry, pan_entry,
          mu_enter_wizlab_5, nicolae_abyss_entry_one_way_or_another,
          grunt_ministairs_4, nicolae_titane
Depths:4: grunt_zot_entry_alcove, layout_basic, enter_ziggurat_d,
          hangedman_geh_valley
Zot:1:    layout_onion_interference
Zot:2:    gammafunk_dig_for_victory, layout_misc_corridors, ebering_ghost_gozag
Zot:3:    grunt_zot_stairs_mandelzot, layout_misc_corridors,
          regret_index_zotdec_barnacled_alternative
Zot:4:    lemuel_acid_trip, layout_concentric_octagons, regret_index_zotdec_ex
Zot:5:    layout_misc_corridors

Skill      XL: |  1  2  3  4  5  6  7  8  9 10 11 12 13 14 15 16 17 18 19 20 21 22 23 24 25 26 27 |
---------------+----------------------------------------------------------------------------------+-----
Stealth        | 1 2 3 4 9 11 | 11.5
Fighting       | 3 4 5 6 8 9 10 11 12 13 14 | 14.9
Short Blades   | 4 |  4.0
Spellcasting   | 2 3 4 7 9 10 12 14 | 14.9
Fire Magic     | 3 4 5 6 8 9 10 11 12 13 14 | 14.9
Dodging        | 2 3 4 5 7 9 |  9.2
Armour         | 1 2 3 9 11 | 11.2
Shields        | 3 4 5 7 8 12 14 | 14.8
Translocations | 2 3 5 6 7 9 10 12 14 | 14.9
Evocations     | 1 3 5 7 |  7.1
Ice Magic      | 3 5 6 8 9 11 14 | 14.9
Air Magic      | 3 5 6 8 9 10 11 12 13 14 | 14.9
Conjurations   | 2 5 7 8 10 11 12 13 14 | 14.9
Earth Magic    | 5 8 10 12 13 | 13.7
Alchemy        | 2 3 4 7 8 10 11 13 14 | 14.9
Necromancy     | 2 5 7 9 11 12 13 14 | 14.9
Throwing       | 4 5 |  5.9

Action                     |  1- 3 |  4- 6 |  7- 9 | 10-12 | 13-15 | 16-18 | 19-21 | 22-24 | 25-27 || total
---------------------------+-------+-------+-------+-------+-------+-------+-------+-------+-------++-------
  Melee: Short sword       |    58 |    36 |     6 |    15 |       |       |       |       |       ||   115
         Bite              |     3 |     6 |    13 |     6 |     2 |     1 |     1 |       |     2 ||    34
         Punch             |     1 |     1 |       |       |       |       |       |       |       ||     2
         Club              |       |    11 |    41 |    11 |       |       |       |       |       ||    63
         Eveningstar       |       |       |       |    18 |    49 |    13 |     6 |       |       ||    86
         Staff             |       |       |       |       |       |       |     2 |     2 |     9 ||    13
  Throw: Stone             |       |       |     1 |       |       |       |       |       |       ||     1
         Throwing net      |       |       |       |     5 |       |       |     2 |       |       ||     7
         Dart              |       |       |       |     8 |     2 |       |     3 |       |       ||    13
   Cast: Scorch            |    24 |   115 |   201 |   319 |   117 |       |       |       |       ||   776
         Apportation       |       |       |     1 |     2 |       |       |     6 |       |     9 ||    18
         Frozen Ramparts   |       |       |       |    20 |     7 |       |       |       |       ||    27
         Freezing Cloud    |       |       |       |     7 |   173 |    12 |       |       |       ||   192
         Bombard           |       |       |       |       |   109 |     3 |    15 |       |     4 ||   131
         Fireball          |       |       |       |       |   229 |   280 |     3 |     4 |       ||   516
         Plasma Beam       |       |       |       |       |       |   127 |   314 |   309 |   375 ||  1125
         Ozocubu's Refrige |       |       |       |       |       |   236 |   189 |   288 |   274 ||   987
         Lee's Rapid Decon |       |       |       |       |       |     6 |     7 |     2 |    11 ||    26
         Sublimation of Bl |       |       |       |       |       |     3 |    96 |   132 |   169 ||   400
         Irradiate         |       |       |       |       |       |       |    34 |    23 |    22 ||    79
         Maxwell's Capacit |       |       |       |       |       |       |     1 |     2 |    13 ||    16
         Iskenderun's Myst |       |       |       |       |       |       |       |       |     2 ||     2
 Invoke: Fiery Armour      |     1 |     2 |     1 |       |       |       |       |       |       ||     4
         Foxfire Swarm     |     2 |     1 |     2 |     1 |       |       |       |       |       ||     6
Ability: Evoke Blink       |       |       |       |       |     2 |       |       |       |       ||     2
  Evoke: Wand              |       |       |     1 |    14 |    19 |     4 |     1 |     3 |     3 ||    45
         Condenser vane    |       |       |       |     3 |     4 |     1 |     2 |       |     2 ||    12
         Phial of floods   |       |       |       |     2 |     2 |     1 |       |       |       ||     5
         Phantom mirror    |       |       |       |     1 |     1 |       |       |       |       ||     2
         Lightning rod     |       |       |       |       |       |     5 |     5 |       |     2 ||    12
    Use: Scroll            |     2 |     3 |    11 |    12 |     6 |     6 |    11 |     4 |     9 ||    64
         Potion            |       |       |       |    13 |     4 |     1 |       |     7 |    12 ||    37
   Stab: Paralysed         |       |       |     2 |    14 |     1 |       |       |       |       ||    17
         Sleeping          |       |       |       |     1 |       |     1 |       |       |       ||     2
         Confused          |       |       |       |       |     2 |       |       |       |       ||     2
 Armour: Robe              |    40 |    61 |    77 |    15 |       |       |     2 |   125 |   279 ||   599
         Steam dragon scal |       |       |       |   299 |   283 |   148 |    89 |       |       ||   819
         Troll leather arm |       |       |       |       |       |       |    58 |       |       ||    58
  Dodge: Dodged            |    36 |    56 |    69 |   204 |   138 |    57 |    48 |    37 |   112 ||   757
  Block: Buckler           |       |       |     4 |    85 |    50 |       |       |       |       ||   139
         Kite shield       |       |       |       |       |    29 |    72 |    84 |    44 |   118 ||   347

Table legend: (Time is in decaauts)
 A = Elapsed time spent in this place.
 B = Non-inter-level travel time spent in this place.
 C = Inter-level travel time spent in this place.
 D = Time resting spent in this place.
 E = Time spent auto-exploring this place.
 F = Levels seen in this place.
 G = Mean time per level.
                   A        B        C        D        E       F      G
               +--------+--------+--------+--------+--------+-----+--------+
         Total | 102394 |  91139 |  11255 |  19286 |  57479 |  56 | 1828.5 |
       Dungeon |  25372 |  21705 |   3667 |   2166 |  16580 |  15 | 1691.5 |
        Temple |     89 |     55 |     34 |      0 |     50 |   1 |   89.0 |
          Lair |  11159 |   9561 |   1598 |   1247 |   6781 |   5 | 2231.8 |
         Swamp |   8281 |   7641 |    640 |   3625 |   3006 |   4 | 2070.2 |
     Snake Pit |   7230 |   6089 |   1141 |   1331 |   3921 |   4 | 1807.5 |
  Orcish Mines |   6606 |   5530 |   1076 |   1439 |   3039 |   2 | 3303.0 |
   Elven Halls |   6431 |   5922 |    509 |   1876 |   3285 |   3 | 2143.7 |
        Vaults |  11041 |  10254 |    787 |   1724 |   6898 |   5 | 2208.2 |
         Crypt |    784 |    755 |     29 |     57 |      0 |   3 |  261.3 |
        Depths |   8493 |   7415 |   1078 |    681 |   5854 |   4 | 2123.2 |
           Zot |  11571 |  10880 |    691 |   3357 |   5763 |   5 | 2314.2 |
         Trove |     52 |     52 |      0 |      0 |      0 |   1 |   52.0 |
       Ossuary |   1034 |   1034 |      0 |    285 |    452 |   1 | 1034.0 |
      Ice Cave |   2100 |   2100 |      0 |   1088 |    618 |   1 | 2100.0 |
        Wizlab |   1037 |   1037 |      0 |    101 |    717 |   1 | 1037.0 |
      Gauntlet |   1105 |   1105 |      0 |    308 |    512 |   1 | 1105.0 |
               +--------+--------+--------+--------+--------+-----+--------+

Top non-repeatable levels by time:
   Orc:2: 4827 daAuts
   Zot:4: 3477 daAuts
  Lair:4: 2943 daAuts
   Zot:5: 2942 daAuts
    D:11: 2842 daAuts
     D:3: 2810 daAuts
 Swamp:4: 2775 daAuts
Vaults:5: 2769 daAuts
  Lair:2: 2613 daAuts
Depths:2: 2501 daAuts
   Elf:3: 2481 daAuts
  Lair:5: 2413 daAuts
    D:14: 2385 daAuts
Vaults:3: 2305 daAuts
 Snake:4: 2265 daAuts
